 Dungeon Crawl Stone Soup version 0.20.0 (webtiles) character file.

51 Llamajah the Shield-Bearer (level 4, 0/35 HPs)
             Began as a Formicid Fighter on July 12, 2017.
             Succumbed to an adder's poison
             ... on level 2 of the Dungeon.
             The game lasted 00:05:07 (1413 turns).

Llamajah the Shield-Bearer (Formicid Fighter)       Turns: 1413, Time: 00:05:07

Health: 0/35       AC:  8    Str: 21    XL:     4   Next: 5%
Magic:  4/4        EV:  8    Int:  8    God:
Gold:   145        SH:  9    Dex: 10    Spells: 3/3 levels left

rFire    + . .     SeeInvis +   a - +0 war axe
rCold    . . .     Gourm    .   c - +0 shield
rNeg     . . .     Faith    .   b - +0 scale mail
rPois    .         Spirit   .   (helmet unavailable)
rElec    .         Reflect  .   (no cloak)
rCorr    .         Harm     .   n - +0 pair of gloves
MR       .....                  (no boots)
Stlth    ..........             (no amulet)
Regen    0.2/turn               p - ring of protection from fire
MPRegen  0.1/turn               (no ring)

@: lethally poisoned (0 -> -3)
A: permanent stasis, dig shafts and tunnels, four strong arms, antennae 3
a: Dig, Shaft Self


You were on level 2 of the Dungeon.
You were not hungry.

You visited 1 branch of the dungeon, and saw 3 of its levels.

You collected 145 gold pieces.

Inventory:

Hand Weapons
 a - a +0 war axe (weapon)
Armour
 b - a +0 scale mail (worn)
 c - a +0 shield (worn)
 n - a +0 pair of gloves (worn)
Jewellery
 p - a ring of protection from fire (left hand)
Scrolls
 e - a scroll of identify
 h - 4 scrolls of remove curse
 i - 2 scrolls of magic mapping {unknown}
 k - a scroll of fear {unknown}
 l - 2 scrolls of enchant weapon {unknown}
Potions
 d - 2 potions of might
 g - a potion of curing {unknown}
 j - a potion of berserk rage
 o - a potion of resistance
Comestibles
 f - 3 bread rations
 m - 3 meat rations


   Skills:
 + Level 3.5 Fighting
 * Level 2.9 Axes
 + Level 3.5 Armour
 + Level 1.1 Dodging
 + Level 3.9 Shields


You had 3 spell levels left.
You didn't know any spells.

Dungeon Overview and Level Annotations

Branches:
Dungeon (3/15)

Altars:
Zin

Annotations:
D:3 Llamajah's ghost, amateur FoFi


Innate Abilities, Weirdness & Mutations

You cannot be hasted, slowed, berserked, paralysed or teleported.
You can dig through walls and to a lower floor.
Your four strong arms can wield two-handed weapons with a shield.
You have a pair of large antennae on your head. (SInv)


Message History

You block the goblin's attack. The adder bites you but does no damage.
The goblin hits you but does no damage. The adder bites you but does no damage.
You barely miss the adder. You closely miss the goblin.
The goblin hits you but does no damage. You block the adder's attack.
You block the goblin's attack. The adder bites you.
* * * LOW HITPOINT WARNING * * *
You are lethally poisoned!
The adder poisons you!
You barely miss the adder. You slash the goblin!
You kill the goblin!
* * * LOW HITPOINT WARNING * * *
You feel sick. The adder bites you but does no damage.
You block the adder's attack.
You miss the adder.
* * * LOW HITPOINT WARNING * * *
You feel sick. The adder bites you but does no damage.
You barely miss the adder. You block the adder's attack.
The adder barely misses you.
You closely miss the adder.
You die...

##### #########...# ...........=#
#########...# .......###.##
##################
######.###.#####@..............>#
# ##...≈.≈....≈S†≈≈≈.#########.#
#....≈...≈.≈≈....≈#.########.#
##....≈≈≈≈≈≈≈≈≈≈≈≈#......[##.#
##>#.≈≈≈≈≈≈≈≈≈≈..#.#####.##.#
###≈[≈≈≈≈≈≈≈≈≈≈≈.....##.##.#
#≈≈≈≈≈...≈≈≈≈.####.##.##.#
#≈≈≈≈≈♣_.≈≈≈≈≈###...#....#
#≈.≈≈≈≈♣≈≈≈≈≈≈...........#


You could see an adder.

Vanquished Creatures
  2 leopard geckos
  2 orcs (D:3)
  7 bats
  4 goblins
  9 hobgoblins
  3 jackals (D:2)
  A quokka (D:2)
  2 frilled lizards (D:1)
  6 kobolds
  7 rats
43 creatures vanquished.

Notes
Turn   | Place    | Note
-------+----------+-------------------------------------------
     0 | D:1      | Llamajah the Formicid Fighter began the quest for the Orb.
     0 | D:1      | Reached XP level 1. HP: 18/18 MP: 1/1
   112 | D:1      | Reached XP level 2. HP: 24/24 MP: 2/2
   487 | D:1      | Reached XP level 3. HP: 20/29 MP: 3/3
   536 | D:1      | Reached skill level 1 in Dodging
   692 | D:2      | Found a faded altar of an unknown god.
  1056 | D:2      | Found a glowing silver altar of Zin.
  1388 | D:3      | Reached XP level 4. HP: 35/35 MP: 4/4
  1395 | D:3      | Noticed Llamajah's ghost (amateur FoFi)
  1411 | D:2      | HP: 1/35 [poisoned by an adder]
  1413 | D:2      | Succumbed to an adder's poison

Skill      XL: |  1  2  3 |
---------------+----------+-----
Dodging        | 1 |  1.1
Fighting       | |  3.5
Axes           | |  2.9
Armour         | |  3.5
Shields        | |  3.9

Action                   |  1- 3 |  4- 6 || total
-------------------------+-------+-------++-------
Melee: War axe           |   134 |    11 ||   145
 Abil: Dig               |     1 |       ||     1
  Use: Scroll            |     4 |       ||     4
  Eat: Chunk             |     1 |     1 ||     2
Armor: Scale mail        |    63 |    10 ||    73
Dodge: Dodged            |    44 |     3 ||    47
Block: Shield            |    74 |     8 ||    82
